Map: Станция Проксима РВ

Players

Shame - Winner!

  • Race: Zerg Zerg
  • League: Master
  • Spawn Location: 1:00

DrZerg

  • Race: Protoss Protoss
  • League: Diamond
  • Spawn Location: 7:00

VOD

Have the link to the VOD?

Description

Time

  • Played on: Feb. 25, 2017, 7 p.m.
  • Length: 8:24
Show
View Real Time Build Order
Export as new Build Order

Shame Zerg - Winner!

Build Orders: Pool First 

Get SALT Encoding   

  12  0:00  Drone  
  13  0:13  Overlord  
  13  0:17  Drone  
  14  0:31  Drone x2  
  14  0:35  Drone  
  17  0:46  Extractor  
  17  0:49  Spawning Pool  
  15  0:51  Drone  
  15  0:57  Drone  
  17  1:07  Drone  
  18  1:32  Hatchery  
  17  1:37  Zergling x4  
  19  1:42  Zergling x2  
  20  1:51  Metabolic Boost  
  20  1:55  Queen  
  22  2:03  Overlord  
  22  2:09  Drone, Extractor  
  23  2:25  Drone x2  
  25  2:31  Pneumatized Carapace  
  25  2:35  Drone  
  26  2:44  Drone  
  26  2:45  Drone  
  25  2:58  Zergling x4  
  25  3:02  Roach Warren  
  25  3:10  Zergling x8  
  15  3:42  Roach  
  15  3:44  Roach  
  19  3:50  Roach  
  21  3:56  Roach  
  23  4:14  Queen  
  25  4:27  Drone  
  26  4:32  Zergling x2  
  26  4:36  Zergling x2  
  28  4:43  Zergling x2  
  29  4:50  Zergling x2  
  30  5:02  Roach x2  
  34  5:09  Roach  
  36  5:22  Overlord  
  34  5:37  Ravager  
  34  5:42  Roach  
  35  5:44  Zergling x4  
  35  5:45  Zergling x2  
  32  6:00  Zergling x6  
  32  6:01  Zergling x2  
  29  6:08  Roach  
  28  6:25  Zergling x8  
  28  6:31  Ravager  
  27  6:45  Zergling x2  
  27  6:46  Zergling x4  
  28  6:51  Roach  
  27  6:58  Zergling x4  
  29  7:04  Zergling x2  
  30  7:12  Ravager  
  30  7:20  Roach  
  29  7:24  Roach  
  29  7:32  Drone x2  
  31  7:40  Roach  
  33  7:44  Drone  
  33  7:52  Ravager  
  33  7:54  Drone x2  
  33  8:10  Drone  
Show
View Real Time Build Order
Export as new Build Order

DrZerg Protoss 

Build Orders:  

Get SALT Encoding   

  12  0:02  Probe (Chrono Boost)  
  13  0:12  Probe (Chrono Boost)  
  14  0:23  Probe (Chrono Boost)  
  15  0:47  Pylon  
  15  1:06  Probe (Chrono Boost)  
  15  1:07  Gateway  
  15  1:08  Gateway  
  15  1:10  Gateway  
  16  1:16  Probe (Chrono Boost)  
  17  1:26  Pylon  
  17  1:40  Probe (Chrono Boost)  
  18  1:51  Gateway  
  18  1:52  Zealot  
  18  1:53  Pylon  
  18  1:58  Zealot  
  22  2:02  Pylon  
  22  2:10  Assimilator  
  22  2:11  Zealot  
  22  2:12  Probe (Chrono Boost)  
  25  2:16  Zealot  
  27  2:30  Zealot  
  29  2:38  Zealot  
  31  2:44  Cybernetics Core  
  31  2:49  Probe (Chrono Boost)  
  28  3:15  Zealot  
  30  3:22  Probe (Chrono Boost)  
  30  3:25  Assimilator  
  29  3:30  Warp Gate  
  28  3:34  Probe (Chrono Boost)  
  28  3:35  Zealot x2  
  28  3:46  Probe (Chrono Boost)  
  29  3:58  Probe (Chrono Boost)  
  30  4:06  Zealot x3  
  37  4:10  Probe (Chrono Boost)  
  35  4:21  Probe (Chrono Boost)  
  32  4:35  Mothership Core (Chrono Boost)  
  32  4:38  Pylon  
  34  4:40  Stalker  
  36  4:46  Stalker  
  40  5:03  Probe (Chrono Boost)  
  23  5:43  Stalker x2  
  27  5:54  Stalker x2  
  27  5:57  Probe (Chrono Boost)  
  24  6:09  Probe (Chrono Boost)  
  25  6:13  Stalker  
  27  6:21  Probe (Chrono Boost)  
  26  6:33  Adept x2  
  22  6:55  Adept x2  
  22  7:00  Probe (Chrono Boost)  
  27  7:01  Adept  
  29  7:08  Adept  
  32  7:15  Probe (Chrono Boost)  
  28  7:30  Adept x2  
  28  7:35  Probe (Chrono Boost)  
  33  7:41  Adept  
  35  7:47  Probe (Chrono Boost)  
  34  7:55  Adept  
  37  7:59  Probe (Chrono Boost)  
Tags
 
Add a new tag
Caveats
  • Supply blocks, unpowered buildings, or Contaminate may cause inaccurate times.
  • Supply counts are checked every 10 seconds.